 Dungeon Crawl Stone Soup version 0.26.1-2-gb8aa6d0cf2 (webtiles) character file.

Game seed: 12513164976153774548

147 littlecub the Stinger (level 5, -5/38 HPs)
             Began as a Merfolk Venom Mage on Feb 10, 2021.
             Killed from afar by Ijyb (25 damage)
             ... with a bolt of acid
             ... on level 3 of the Dungeon.
             The game lasted 00:12:19 (3438 turns).

littlecub the Stinger (Merfolk Venom Mage)          Turns: 3438, Time: 00:12:20

Health: -5/38      AC: -2    Str:  9    XL:     5   Next: 29%
Magic:  2/8        EV: 13    Int: 15    God:
Gold:   97         SH:  0    Dex: 14    Spells: 6/9 levels left

rFire    . . .     SeeInvis .   c - +2 dagger (protect)
rCold    . . .     Faith    .   (no shield)
rNeg     . . .     Spirit   .   a - +0 robe
rPois    .         Reflect  .   (no helmet)
rElec    .         Harm     .   (no cloak)
rCorr    .         Rampage  .   (no gloves)
Will     .....                  (no boots)
Stlth    ++........             (no amulet)
HPRegen  0.12/turn              (no ring)
MPRegen  0.11/turn              (no ring)

@: corroded
A: change form in water, swift swim, stealthy swim
a: no special abilities


You were on level 3 of the Dungeon.
You visited 1 branch of the dungeon, and saw 3 of its levels.

You collected 97 gold pieces.

Inventory:

Hand Weapons
 c - a +2 dagger of protection (weapon)
Armour
 a - a +0 robe (worn)
Scrolls
 e - a scroll of enchant armour
 g - a scroll of teleportation
 i - a scroll of fog
 m - a scroll of magic mapping {unknown}
 o - a scroll of remove curse
 p - 2 scrolls of random uselessness {unknown}
Potions
 b - a potion of ambrosia {unknown}
 d - a potion of attraction {unknown}
 f - 2 potions of lignification {unknown}
 j - a potion of mutation {unknown}
 k - a potion of flight {unknown}
 l - a potion of heal wounds {unknown}
 n - a potion of degeneration {unknown}


   Skills:
 + Level 1.7 Fighting
 + Level 3.5 Dodging
 - Level 2.1 Stealth
 + Level 2.5 Spellcasting
 + Level 3.6 Transmutations
 + Level 0.5 Air Magic
 * Level 4.3 Poison Magic


You had 6 spell levels left.
You knew the following spells:

 Your Spells              Type           Power        Failure   Level
a - Sting                 Tmut/Pois      52%          4%          1
b - Poisonous Vapours     Pois/Air       18%          12%         2

Your spell library contained the following spells:

 Spells                   Type           Power        Failure   Level
 Ignite Poison            Fire/Tmut/Pois 9%           22%         3
 Mephitic Cloud           Conj/Pois/Air  6%           32%         3
 Olgreb's Toxic Radiance  Pois           14%          34%         4


Dungeon Overview and Level Annotations

Branches:
Dungeon (3/15)

Altars:

Annotations:
D:3 Ijyb, Jessica


Message History

Press: ? - help, Dir - move target, f/p - Ijyb
Aim: Ijyb, wielding a +0 club, wearing a +0 leather armour and carrying a wand of acid (8) (lightly wounded, poisoned) Poisonous vapours surround Ijyb!
Ijyb is engulfed in poison gas.
Ijyb looks even sicker.
A giant cockroach zombie comes into view.
Aiming: Sting (safe; 4% risk of failure)
Press: ? - help, Q - select action, (/) - cycle Shift-Dir - straight line, f/p - Ijyb
Aim: Ijyb, wielding a +0 club, wearing a +0 leather armour and carrying a wand of acid (8) (moderately wounded, very poisoned, 36% to evade)
The sting hits Ijyb but does no damage.
Ijyb looks even sicker.
Ijyb is moderately wounded.
Jessica the Apprentice Sorceress comes into view.
She is wielding a +3 dagger of draining.
Aiming: Sting (safe; 4% risk of failure)
Press: ? - help, Q - select action, (/) - cycle Shift-Dir - straight line, f/p - Ijyb
Aim: Ijyb, wielding a +0 club, wearing a +0 leather armour and carrying a wand of acid (8) (moderately wounded, very poisoned, 36% to evade)
The sting misses Ijyb.
Ijyb zaps a wand.
The bolt of acid hits you! The acid corrodes you!
You are splashed with acid!
You feel better.
Ijyb zaps a wand.
The bolt of acid hits you!!
Ouch! That really hurt!
You die...

.. †. @# .Z #. #g
#)## #.@# ##.##
#..# # ##.# .#
##########
###.##.###........#
#.......##.######.#
#.......##.#...<#.#
#.......##.#.#..#.#
#>......##.#.####.#


You could see Ijyb (very poisoned), Jessica and a giant cockroach zombie.

Vanquished Creatures
  An orc priest (D:3)
  3 gnolls
  An adder (D:2)
  A worm (D:2)
  2 dart slugs
  A leopard gecko (D:1)
  4 orcs (D:3)
  A ball python (D:1)
  A giant cockroach (D:2)
  7 hobgoblins
  11 jackals
  A quokka (D:2)
  6 bats
  6 frilled lizards
  8 goblins
  5 kobolds
  8 rats
67 creatures vanquished.

Notes
Turn   | Place    | Note
-------+----------+-------------------------------------------
     0 | D:1      | littlecub the Merfolk Venom Mage began the quest for the
                  | Orb.
     0 | D:1      | Reached XP level 1. HP: 13/13 MP: 3/3
   468 | D:1      | Reached XP level 2. HP: 19/20 MP: 3/5
   914 | D:1      | Reached XP level 3. HP: 15/25 MP: 3/6
  1223 | D:1      | Reached skill level 1 in Fighting
  1243 | D:1      | Learned a level 2 spell: Poisonous Vapours
  1578 | D:2      | Reached XP level 4. HP: 32/32 MP: 2/7
  1673 | D:2      | Reached skill level 4 in Poison Magic
  3084 | D:3      | Reached XP level 5. HP: 37/37 MP: 1/8
  3432 | D:3      | Noticed Ijyb
  3436 | D:3      | Noticed Jessica
  3438 | D:3      | Killed from afar by Ijyb

Illustrated notes

Levels and vault maps discovered:
D:1:      sevenhm_arrival_forest_fort_small_5, layout_rooms
D:2:      layout_loops_cross, chequers_mini_garden
D:3:      layout_basic, uniq_ijyb, uniq_jessica

Skill      XL: |  1  2  3  4 |
---------------+-------------+-----
Transmutations | 2 3 |  3.6
Fighting       | 1 |  1.7
Dodging        | 3 |  3.5
Poison Magic   | 4 |  4.3
Stealth        | |  2.1
Spellcasting   | |  2.5
Air Magic      | |  0.5

Action                   |  1- 3 |  4- 6 || total
-------------------------+-------+-------++-------
Melee: Whip              |    28 |     2 ||    30
       Dagger            |       |    27 ||    27
 Cast: Sting             |    46 |    20 ||    66
       Poisonous Vapours |     3 |    30 ||    33
  Use: Scroll            |       |     4 ||     4
       Potion            |       |     1 ||     1
 Stab: Sleeping          |     2 |     3 ||     5
Armor: Robe              |    11 |     8 ||    19
Dodge: Dodged            |    35 |    17 ||    52
